Map: Mech Depot LE

Players

Scarlett

  • Race: Zerg Zerg
  • Spawn Location: 1:00

Neeb - Winner!

  • Race: Protoss Protoss
  • Spawn Location: 7:00

Event: WCS Montreal 2017

VOD

Have the link to the VOD?

Description

Time

  • Played on: Sept. 9, 2017, 3:56 p.m.
  • Length: 9:39

All games in this series

Show
View Real Time Build Order
Export as new Build Order

Scarlett Zerg 

Build Orders: Hatch First, Swarm Host 

Get SALT Encoding   

  12  0:00  Drone  
  13  0:12  Overlord  
  13  0:16  Drone  
  14  0:30  Drone x2  
  16  0:36  Drone  
  17  0:51  Hatchery  
  17  0:55  Drone  
  17  0:58  Drone  
  18  1:09  Extractor  
  17  1:13  Spawning Pool  
  17  1:15  Drone  
  17  1:19  Drone  
  18  1:27  Drone  
  19  1:40  Drone  
  20  1:50  Overlord  
  20  1:59  Queen  
  22  2:03  Queen, Drone  
  25  2:09  Zergling x2  
  25  2:11  Drone  
  25  2:13  Metabolic Boost  
  25  2:14  Drone  
  28  2:22  Drone  
  29  2:25  Drone  
  30  2:33  Drone  
  31  2:40  Drone  
  32  2:46  Hatchery  
  32  2:47  Queen  
  33  2:52  Overlord  
  33  2:56  Drone  
  33  2:58  Drone  
  35  3:00  Zergling x2  
  36  3:11  Drone x5  
  41  3:18  Overlord  
  41  3:24  Drone  
  42  3:29  Lair  
  42  3:32  Extractor  
  42  3:33  Extractor, Overlord  
  40  3:34  Drone  
  40  3:39  Drone  
  40  3:40  Drone  
  43  3:43  Roach Warren  
  41  3:51  Drone  
  41  3:52  Drone x3  
  45  3:55  Overlord  
  45  3:58  Drone x2  
  48  4:03  Drone  
  48  4:05  Evolution Chamber  
  48  4:08  Overlord, Drone x2  
  48  4:09  Drone  
  51  4:16  Drone x3  
  54  4:17  Drone  
  54  4:21  Extractor  
  54  4:24  Drone x3  
  54  4:28  Drone x3  
  60  4:31  Zerg Melee Weapons Level 1  
  60  4:36  Hydralisk Den  
  59  4:40  Drone  
  59  4:41  Drone x3  
  63  4:46  Queen  
  63  4:50  Drone  
  63  4:51  Drone x4  
  70  4:56  Overlord  
  70  4:59  Drone  
  71  5:01  Drone x2  
  71  5:03  Infestation Pit  
  71  5:05  Overlord x2  
  71  5:06  Drone  
  73  5:09  Extractor  
  72  5:15  Drone  
  72  5:16  Drone x3  
  72  5:18  Zergling x2  
  72  5:20  Muscular Augments, Hydralisk  
  79  5:21  Hydralisk  
  81  5:29  Hydralisk x3  
  81  5:33  Hydralisk x2  
  91  5:40  Hydralisk  
  91  5:41  Zergling x8  
  97  5:55  Hydralisk  
  97  5:56  Hatchery  
  98  5:58  Overlord  
  97  6:09  Overlord x5  
  94  6:17  Swarm Host x4  
  106  6:23  Baneling Nest, Overlord x4  
  105  6:26  Zerg Missile Weapons Level 1  
  105  6:30  Swarm Host x3  
  114  6:34  Swarm Host x2  
  114  6:35  Hatchery  
  119  6:41  Swarm Host x2  
  119  6:45  Swarm Host  
  128  6:49  Swarm Host  
  131  6:55  Swarm Host  
  131  6:58  Zergling x2, Hydralisk  
  131  6:59  Zergling x12  
  143  7:07  Zergling x2  
  143  7:11  Baneling  
  143  7:12  Zergling x6  
  143  7:14  Zergling x2  
  143  7:15  Zergling x6  
  150  7:18  Zergling x4  
  150  7:20  Baneling x9  
  150  7:21  Baneling x2  
  150  7:22  Zergling x6  
  155  7:26  Extractor  
  154  7:37  Centrifical Hooks  
  154  7:38  Zergling x2  
  154  7:39  Zergling x8  
  159  7:45  Hydralisk  
  159  7:46  Zergling x2, Hydralisk x2  
  159  7:47  Zergling x6  
  166  7:54  Hydralisk  
  166  7:55  Hydralisk x2  
  172  7:59  Baneling x3  
  172  8:02  Zergling x2  
  172  8:03  Zergling x2  
  172  8:05  Baneling x3  
  174  8:07  Zergling x2  
  174  8:11  Zergling x8  
  174  8:17  Overseer x2  
  150  8:23  Hydralisk x2  
  150  8:24  Zergling x10  
  97  8:36  Hydralisk  
  97  8:37  Hydralisk  
  97  8:38  Zergling x10  
Show
View Real Time Build Order
Export as new Build Order

Neeb Protoss - Winner!

Build Orders: 1 Gate Expand 

Get SALT Encoding   

  12  0:00  Probe (Chrono Boost)  
  13  0:11  Probe (Chrono Boost)  
  14  0:18  Pylon  
  14  0:22  Probe (Chrono Boost)  
  15  0:36  Probe (Chrono Boost)  
  15  0:39  Gateway  
  16  0:44  Assimilator  
  16  0:47  Probe (Chrono Boost)  
  17  0:57  Probe (Chrono Boost)  
  18  1:08  Probe (Chrono Boost)  
  20  1:18  Probe (Chrono Boost)  
  20  1:23  Nexus  
  20  1:33  Cybernetics Core  
  20  1:36  Probe (Chrono Boost)  
  21  1:43  Assimilator  
  21  1:47  Probe (Chrono Boost)  
  21  1:51  Pylon  
  22  1:58  Probe (Chrono Boost)  
  23  2:09  Probe (Chrono Boost)  
  23  2:10  Warp Gate, Adept (Chrono Boost)  
  26  2:21  Mothership Core  
  28  2:33  Adept (Chrono Boost)  
  28  2:34  Probe (Chrono Boost)  
  31  2:43  Probe (Chrono Boost)  
  32  2:46  Probe (Chrono Boost)  
  33  2:54  Probe (Chrono Boost)  
  33  2:57  Probe (Chrono Boost)  
  35  2:59  Sentry  
  35  3:04  Probe (Chrono Boost)  
  38  3:07  Probe (Chrono Boost)  
  38  3:11  Nexus  
  39  3:15  Probe (Chrono Boost), Pylon  
  41  3:25  Probe (Chrono Boost)  
  41  3:27  Robotics Facility  
  41  3:28  Sentry  
  41  3:30  Probe (Chrono Boost)  
  44  3:34  Pylon  
  44  3:37  Probe (Chrono Boost)  
  45  3:42  Probe (Chrono Boost)  
  45  3:47  Probe (Chrono Boost), Gateway  
  47  3:53  Probe (Chrono Boost)  
  48  3:58  Probe (Chrono Boost)  
  48  4:01  Pylon  
  49  4:03  Probe (Chrono Boost)  
  49  4:08  Probe (Chrono Boost)  
  51  4:11  Gateway x2  
  55  4:17  Immortal (Chrono Boost)  
  55  4:22  Probe, Gateway  
  56  4:26  Sentry  
  56  4:27  Probe  
  56  4:28  Probe  
  60  4:32  Probe  
  60  4:33  Assimilator  
  60  4:36  Pylon  
  60  4:38  Probe  
  61  4:42  Sentry  
  61  4:43  Probe x2  
  66  4:48  Probe  
  68  4:53  Observer (Chrono Boost)  
  68  4:55  Probe  
  68  4:56  Probe  
  68  4:58  Assimilator  
  68  4:59  Probe  
  70  5:03  Adept  
  70  5:05  Adept  
  70  5:07  Probe x2, Adept x2  
  77  5:10  Probe  
  82  5:15  Forge  
  82  5:17  Twilight Council  
  82  5:18  Probe  
  82  5:19  Probe  
  84  5:22  Probe, Pylon  
  84  5:25  Pylon  
  84  5:28  Probe  
  85  5:31  Pylon  
  85  5:34  Immortal (Chrono Boost)  
  90  5:38  Probe  
  90  5:41  Protoss Ground Weapons Level 1 (Chrono Boost)  
  91  5:44  Gateway x2  
  91  5:46  Resonating Glaives  
  91  5:47  Gateway  
  91  6:05  Probe  
  91  6:06  Probe  
  91  6:08  Probe  
  91  6:09  Adept x3  
  91  6:10  Adept  
  102  6:14  Pylon  
  102  6:16  Dark Shrine, Pylon  
  102  6:19  Probe  
  102  6:20  Gateway  
  102  6:21  Gateway  
  102  6:23  Warp Prism (Chrono Boost)  
  105  6:26  Probe  
  105  6:27  Probe, Assimilator  
  105  6:29  Assimilator  
  107  6:39  Adept x4  
  115  6:46  Pylon  
  115  6:48  Adept  
  115  6:49  Adept x3  
  123  7:01  Pylon  
  123  7:03  Pylon  
  123  7:15  Adept  
  123  7:16  Adept x6  
  137  7:31  Charge  
  137  7:32  Dark Templar  
  137  7:33  Dark Templar x2  
  141  7:51  Adept x7  
  149  8:00  Pylon  
  149  8:01  Immortal (Chrono Boost)  
  149  8:02  Pylon  
  149  8:03  Pylon  
  151  8:18  Probe x2, Adept  
  147  8:21  Adept x2  
  147  8:22  Adept x7  
  147  8:23  Probe  
  138  8:30  Probe x2  
  126  8:35  Immortal (Chrono Boost)  
  120  8:42  Dark Templar x4  
  120  8:43  Robotics Facility  
Tags
 
Add a new tag
Caveats
  • Supply blocks, unpowered buildings, or Contaminate may cause inaccurate times.
  • Supply counts are checked every 10 seconds.